 Dungeon Crawl Stone Soup version 0.31.0 (webtiles) character file.

Game seed: 7834190178305416656

1481 qw the Skirmisher (level 8, -1/51 HPs)
             Began as a Gargoyle Hunter on Jan 19, 2024.
             Was an Initiate of Okawaru.
             Slain by an orc warrior
             ... wielding a +5 flail
              (14 damage)
             ... on level 5 of the Dungeon.
             The game lasted 00:00:24 (3929 turns).

qw the Skirmisher (Gargoyle Hunter)                 Turns: 3929, Time: 00:00:24

Health: -1/51      AC: 13    Str: 13 (14) XL:     8   Next: 79%
Magic:  8/8        EV: 11    Int: 13 (14) God:    Okawaru [......]
Gold:   281        SH:  0    Dex: 14      Spells: 7/7 levels left

rFire   + . .        a - +2 shortbow (freeze)
rCold   + . .        (shield currently unavailable)
rNeg    + . .        j - +0 ring mail
rPois   inf          (helmet restricted)
rElec   +            (no cloak)
rCorr   .            (no gloves)
SInv    .            g - +1 pair of boots
Will    .....        c - amulet of regeneration
Stlth   +            f - ring of protection from cold
HPRegen 1.08/turn    n - ring of protection from fire
MPRegen 0.11/turn

%: no passive effects
@: no status effects
A: sickness immunity, AC +5, negative energy resistance 1, electricity
resistance, torment resistance 1, petrification resistance, horns 1, clever 1,
deterioration 1
a: Renounce Religion


You were on level 5 of the Dungeon.
You worshipped Okawaru.
Okawaru was noncommittal.
You visited 2 branches of the dungeon, and saw 7 of its levels.

You collected 281 gold pieces.


Innate Abilities, Weirdness & Mutations

You are immune to sickness and miasma.
Your stone body is resilient. (AC +5)
You are immune to poison.
You resist negative energy. (rN+)
You are resistant to electric shocks. (rElec)
You are resistant to unholy torment.
You are immune to petrification.
You have a pair of small horns on your head.
Your mind is acute. (Int +4, Str/Dex -1)
Your body sometimes deteriorates upon taking damage.


   Skills:
 - Level 6.2 Fighting
 + Level 9.3 Ranged Weapons
 - Level 3.1 Armour
 - Level 2.3 Dodging
 - Level 1.1 Stealth


You had 7 spell levels left.
You didn't know any spells.
Your spell library was empty.

Inventory:

Hand Weapons
 a - a +2 shortbow of freezing (weapon)
Armour
 g - a +1 pair of boots (worn)
 j - a +0 ring mail (worn)
Jewellery
 c - an amulet of regeneration (around neck)
 f - a ring of protection from cold (left hand)
 n - a ring of protection from fire (right hand)
Wands
 o - a wand of iceblast (9)
 u - a wand of mindburst (18)
Potions
 b - a potion of resistance
 d - a potion of cancellation
 e - 2 potions of might
 i - a potion of curing
 l - a potion of berserk rage {unknown}
 m - 2 potions of mutation

Dungeon Overview and Level Annotations

Branches:
Dungeon (6/15)             Temple (1/1) D:5

Altars:
Ashenzari
Cheibriados
Dithmenos
Elyvilon
Gozag
Kikubaaqudgha
Makhleb
Okawaru
Qazlal
Ru
Sif Muna
Trog
Vehumet
Wu Jian
Xom
Zin
The Shining One

Shops:
D:1 (


Message History

You shoot an arrow.
The arrow barely misses the orc warrior.
The orc warrior hits you with a +5 flail.
You shoot an arrow.
The arrow barely misses the orc warrior.
The orc warrior hits you with a +5 flail!
You shoot an arrow.
The arrow hits the orc warrior but does no damage.
The orc warrior is moderately wounded.
The orc warrior hits you with a +5 flail!
You shoot an arrow. The arrow hits the orc warrior.
The arrow freezes the orc warrior.
The orc warrior is severely wounded.
The orc warrior hits you but does no damage.
You shoot an arrow.
The arrow hits the orc warrior but does no damage.
The orc warrior is severely wounded.
The orc warrior hits you but does no damage.
You shoot an arrow. The orc warrior blocks the arrow.
The orc warrior hits you with a +5 flail.
You shoot an arrow.
The arrow hits the orc warrior but does no damage.
The orc warrior is severely wounded.
The orc warrior hits you with a +5 flail.
You shoot an arrow.
The arrow closely misses the orc warrior.
The orc warrior completely misses you.
You shoot an arrow. The orc warrior blocks the arrow.
The orc warrior hits you with a +5 flail.
You shoot an arrow.
The arrow hits the orc warrior but does no damage.
The orc warrior is severely wounded.
The orc warrior hits you but does no damage.
You shoot an arrow. The orc warrior blocks the arrow.
The orc warrior hits you with a +5 flail.
You shoot an arrow. The arrow hits the orc warrior.
The arrow freezes the orc warrior.
The orc warrior is severely wounded.
The orc warrior hits you with a +5 flail!
You die...

##......................###....#.
###...#.#.#####..#.....####..#...
# #######.##!##.....##.#.........
#..........########.....#
#..#....#.## #......
###.###.##### #....#. #######...#
#.### #....#. #.......###
#...#######¤. #####.. #.#...###
#.¤.@o¤.¤.¤¤. ##. ......#
##.¤¤¤¤¤¤¤..# ##. .P.P..#
#...¤..¤¤¤¤. #.. ..>...#
#..#######¤. #####.. .P.P..# ####
. #....#. ......# ##..... #######
#.#?.. ####.. #...


You could see an orc warrior.

Vanquished Creatures
  A water moccasin (D:5)
  A black bear (D:5)
  An ice beast (D:5)
  An ogre (D:4)
  7 scorpions
  6 hounds
  3 orc priests
  A bombardier beetle (D:5)
  2 jellies (D:4)
  A gnoll bouda (D:4)
  A sleepcap (D:6)
  3 orc wizards
  8 gnolls
  5 adders
  2 ufetubi (D:6)
  3 dart slugs
  2 ribbon worms (D:2)
  15 orcs
  9 ball pythons
  4 endoplasms
  7 hobgoblins
  2 jackals (D:2)
  3 quokkas
  2 bats (D:3)
  3 frilled lizards
  4 goblins
  7 kobolds
  4 rats
108 creatures vanquished.

Notes
Turn   | Place    | Note
-------+----------+-------------------------------------------
     0 | D:1      | qw the Gargoyle Hunter began the quest for the Orb.
     0 | D:1      | Reached XP level 1. HP: 12/12 MP: 1/1
     0 | D:1      | 0 ||| qw: Version: 0.3-a-132-g3d54051
     0 | D:1      | 0 ||| qw: Game counter: 328
     0 | D:1      | 0 ||| qw: Melee chars always use a shield: true
     0 | D:1      | 0 ||| qw: God list: Okawaru
     0 | D:1      | 0 ||| qw: Allow faded altars: false
     0 | D:1      | 0 ||| qw: Do Orc after clearing Dungeon:15 true
     0 | D:1      | 0 ||| qw: Do second Lair branch before Depths: true
     0 | D:1      | 0 ||| qw: Lair rune preference: random
     0 | D:1      | 0 ||| qw: Goals: Normal
     0 | D:1      | 0 ||| PLANNING D:1-11
   130 | D:1      | Reached XP level 2. HP: 17/17 MP: 2/2
   250 | D:1      | Found Lajuagh's Antique Weapon Shoppe.
   253 | D:1      | 253 ||| SHOPLISTING faintly glowing sling (195 gold, have
                  | 44).
   552 | D:1      | 552 ||| UPGRADING to +0 ring mail.
   562 | D:1      | 562 ||| DROPPING +0 leather armour.
   563 | D:1      | 563 ||| READING 2 scrolls labelled WOENIETISTRI.
   564 | D:1      | 564 ||| READING scroll labelled RASOIS ZUSMER.
   564 | D:1      | 564 ||| ENCHANTING +0 shortbow.
   565 | D:1      | 565 ||| READING scroll labelled KEULAF HEACEMU.
   566 | D:1      | 566 ||| DROPPING scroll of butterflies.
   567 | D:1      | 567 ||| DROPPING scroll of blinking.
   612 | D:2      | 612 ||| FLEEEEING.
   700 | D:2      | Reached skill level 1 in Armour
   700 | D:2      | Reached XP level 3. HP: 21/21 MP: 3/3
   765 | D:2      | Reached skill level 5 in Ranged Weapons
   947 | D:2      | 947 ||| FLEEEEING.
   948 | D:2      | 948 ||| FLEEEEING.
  1046 | D:2      | Reached XP level 4. HP: 24/27 MP: 4/4
  1132 | D:2      | 1132 ||| UPGRADING to +0 pair of boots.
  1137 | D:2      | 1137 ||| READING 2 scrolls labelled KOKOGGIPESS.
  1137 | D:2      | 1137 ||| ENCHANTING +0 shortbow.
  1138 | D:2      | 1138 ||| READING scroll of enchant weapon.
  1138 | D:2      | 1138 ||| ENCHANTING +1 shortbow.
  1139 | D:2      | 1139 ||| READING scroll labelled QAIK EKHAOTS.
  1140 | D:2      | 1140 ||| READING scroll labelled PUHIEFAOQYZ.
  1141 | D:2      | 1141 ||| FLEEEEING.
  1144 | D:2      | 1144 ||| DRINKING 2 fizzy orange potions.
  1145 | D:2      | 1145 ||| DRINKING 2 bubbling pink potions.
  1190 | D:3      | Reached skill level 3 in Fighting
  1232 | D:3      | 1232 ||| FLEEEEING.
  1233 | D:3      | 1233 ||| FLEEEEING.
  1240 | D:3      | 1240 ||| STAIRDANCE
  1351 | D:3      | Found an ancient bone altar of Kikubaaqudgha.
  1452 | D:3      | 1452 ||| READING scroll of enchant armour.
  1452 | D:3      | 1452 ||| ENCHANTING +0 pair of boots.
  1500 | D:3      | 1500 ||| FLEEEEING.
  1526 | D:3      | Found a white marble altar of Elyvilon.
  1548 | D:3      | Reached XP level 5. HP: 32/32 MP: 5/5
  1567 | D:3      | Reached skill level 6 in Ranged Weapons
  1568 | D:3      | 1568 ||| FLEEEEING.
  1570 | D:3      | HP: 5/32 [something/magic dart (7)]
  1574 | D:3      | HP: 1/32 [something/puff of flame (5)]
  1579 | D:3      | 1579 ||| FLEEEEING.
  1583 | D:3      | 1583 ||| DRINKING potion of heal wounds.
  1705 | D:3      | Found a sacrificial altar of Ru.
  1873 | D:3      | Found an opulent altar of Gozag.
  1873 | D:3      | Found a glowing silver altar of Zin.
  1984 | D:3      | 1984 ||| READING scroll labelled PADA OMMIA.
  1985 | D:3      | 1985 ||| READING 2 scrolls labelled IHOUNL MITU.
  1985 | D:3      | 1985 ||| IDENTIFYING black potion
  1986 | D:3      | 1986 ||| READING scroll of identify.
  1986 | D:3      | 1986 ||| IDENTIFYING yellow potion
  1987 | D:3      | 1987 ||| DRINKING 2 glowing pink potions.
  1987 | D:3      | Gained mutation: Your mind is acute. (Int +4, Str/Dex -1)
                  | [potion of mutation]
  1987 | D:3      | Gained mutation: Your body sometimes deteriorates upon
                  | taking damage. [potion of mutation]
  1987 | D:3      | Gained mutation: You have a pair of small horns on your
                  | head. [potion of mutation]
  1988 | D:3      | 1988 ||| DROPPING potion of degeneration.
  2086 | D:4      | Reached XP level 6. HP: 38/38 MP: 6/6
  2234 | D:4      | 2234 ||| FLEEEEING.
  2490 | D:4      | Reached skill level 7 in Ranged Weapons
  2738 | D:4      | 2738 ||| UPGRADING to amulet of regeneration.
  2743 | D:4      | 2743 ||| UPGRADING to ring of protection from cold.
  2757 | D:5      | Entered Level 5 of the Dungeon
  2759 | D:5      | 2759 ||| STAIRDANCE
  2767 | D:4      | 2767 ||| FLEEEEING.
  2777 | D:5      | 2777 ||| STAIRDANCE
  2785 | D:4      | Reached XP level 7. HP: 38/43 MP: 7/7
  2792 | D:5      | 2792 ||| STAIRDANCE
  2794 | D:4      | 2794 ||| RETREEEEATING.
  2795 | D:4      | 2795 ||| RETREEEEATING.
  2796 | D:4      | 2796 ||| RETREEEEATING.
  2798 | D:4      | 2798 ||| RETREEEEATING.
  2802 | D:4      | 2802 ||| RETREEEEATING.
  2838 | D:5      | 2838 ||| STAIRDANCE
  2844 | D:4      | Reached skill level 8 in Ranged Weapons
  2847 | D:5      | 2847 ||| STAIRDANCE
  2856 | D:5      | 2856 ||| STAIRDANCE
  2863 | D:5      | 2863 ||| STAIRDANCE
  2878 | D:5      | 2878 ||| STAIRDANCE
  2886 | D:5      | 2886 ||| STAIRDANCE
  2901 | D:5      | 2901 ||| STAIRDANCE
  2905 | D:4      | 2905 ||| FLEEEEING.
  2927 | D:5      | 2927 ||| STAIRDANCE
  2930 | D:4      | 2930 ||| FLEEEEING.
  2973 | D:5      | Reached skill level 3 in Armour
  2973 | D:5      | Reached XP level 8. HP: 43/50 MP: 8/8
  2973 | D:5      | 2973 ||| FLEEEEING.
  3062 | D:5      | Found a shadowy altar of Dithmenos.
  3133 | D:5      | Found a broken altar of Ashenzari.
  3257 | D:5      | You fall into a shaft and drop 1 floor!
  3278 | D:6      | Reached skill level 9 in Ranged Weapons
  3284 | D:6      | Found a bloodstained altar of Trog.
  3379 | D:6      | 3379 ||| FLEEEEING.
  3390 | D:6      | 3390 ||| FLEEEEING.
  3395 | D:6      | 3395 ||| STAIRDANCE
  3465 | D:5      | Reached skill level 6 in Fighting
  3517 | D:5      | HP: 9/51 [orc warrior/+5 flail (6)]
  3518 | D:5      | 3518 ||| READING scroll of teleportation.
  3519 | D:5      | 3519 ||| DRINKING potion of heal wounds.
  3690 | D:5      | Found a staircase to the Ecumenical Temple.
  3691 | D:5      | 3691 ||| PLANNING TEMPLE
  3691 | D:5      | 3691 ||| UPGRADING to ring of protection from fire.
  3692 | D:5      | 3692 ||| READING 2 scrolls of identify.
  3692 | D:5      | 3692 ||| IDENTIFYING viscous dark potion
  3693 | D:5      | 3693 ||| READING scroll of identify.
  3693 | D:5      | 3693 ||| IDENTIFYING fizzy green potion
  3694 | D:5      | 3694 ||| READING scroll labelled ILUTOQESIY.
  3695 | D:5      | 3695 ||| FLEEEEING.
  3703 | D:5      | 3703 ||| READING scroll labelled FUORPH POTEPTOUNG.
  3704 | D:5      | 3704 ||| READING scroll labelled JOAROKL OPUHA.
  3805 | D:5      | 3805 ||| READING scroll labelled BITSUU IVIV.
  3805 | D:5      | 3805 ||| BRANDING +2 shortbow.
  3806 | D:5      | 3806 ||| DRINKING 2 grey potions.
  3807 | D:5      | 3807 ||| DRINKING 3 fuming red potions.
  3855 | D:5      | 3855 ||| DROPPING potion of attraction.
  3856 | D:5      | 3856 ||| DROPPING 2 potions of lignification.
  3871 | Temple   | Entered the Ecumenical Temple
  3872 | Temple   | 3872 ||| PLANNING OKAWARU WORSHIP
  3882 | Temple   | Became a worshipper of Warmaster Okawaru
  3883 | Temple   | 3883 ||| PLANNING D:1-11
  3928 | D:5      | HP: 12/51 [orc warrior/+5 flail (5)]
  3929 | D:5      | Slain by an orc warrior

Levels and vault maps discovered:
D:1:      wander_arrival_peaceful_grave, layout_loops_cross, serial_shops, shop
D:2:      layout_basic
D:3:      layout_rooms, grunt_temple_overflow_gold_and_silver, elyvilon_altar_1,
          nicolae_ru_awakened_eye, mainiacjoe_overflow_24_doors, st_stairs_3
D:4:      layout_basic
D:5:      layout_cave_pools, mainiacjoe_overflow_cross_hatched,
          beargit_hepliaklqana_dungeon_heroes,
          mainiacjoe_overflow_concentric_impassable, minmay_temple_entry_trees
D:6:      layout_loops_ring, mainiacjoe_overflow_alcove_1
Temple:   compressed_dpeg_triangle_lava_temple

Skill      XL: |  1  2  3  4  5  6  7  8 |
---------------+-------------------------+-----
Armour         | 1 3 |  3.1
Ranged Weapons | 5 6 7 8 9 |  9.3
Fighting       | 3 4 5 6 |  6.2
Dodging        | 2 |  2.3
Stealth        | |  1.1

Action                     |  1- 3 |  4- 6 |  7- 9 || total
---------------------------+-------+-------+-------++-------
   Fire: Shortbow          |    94 |   163 |   225 ||   482
    Use: Scroll            |     3 |     8 |     7 ||    18
         Potion            |       |     4 |     3 ||     7
 Armour: Ring mail         |    19 |    94 |   121 ||   234
         Leather armour    |     3 |       |       ||     3
  Dodge: Dodged            |    19 |    64 |    90 ||   173

Table legend:
 A = Non-vault XP
 B = Vault XP
 C = Vault XP percentage of total XP
 D = Non-vault monster count
 E = Vault monster count
 F = Vault count percentage of total count
                 A         B        C        D         E       F
            +---------+---------+-------+---------+---------+-------
      Total |    2113 |       3 |   0.1 |     105 |       3 |   2.8
            +---------+---------+-------+---------+---------+-------
        D:1 |      25 |       0 |   0.0 |      14 |       0 |   0.0
        D:2 |      57 |       0 |   0.0 |      17 |       0 |   0.0
        D:3 |     188 |       3 |   1.6 |      21 |       3 |  12.5
        D:4 |     797 |       0 |   0.0 |      32 |       0 |   0.0
        D:5 |     872 |       0 |   0.0 |      13 |       0 |   0.0
        D:6 |     174 |       0 |   0.0 |       8 |       0 |   0.0
            +---------+---------+-------+---------+---------+-------
